 Dungeon Crawl Stone Soup version 0.31-a0-620-gd1cbd99268 (webtiles) character file.

Game seed: 14395749778775614965

149 mdonais the Trooper (level 5, -1/36 (37) HPs)
             Began as an Octopode Reaver on Aug 23, 2023.
             Was a Believer of Kikubaaqudgha.
             Constricted to death by Ijyb (3 damage)
             ... on level 3 of the Dungeon.
             The game lasted 00:08:37 (1862 turns).

mdonais the Trooper (Octopode Reaver)               Turns: 1862, Time: 00:08:38

HP:   -1/36 (37)    AC:  1    Str: 11    XL:     5   Next: 31%
MP:   8/8           EV: 10    Int: 16    God:    Kikubaaqudgha [**....]
Gold: 198           SH:  0    Dex: 12    Spells: 6/8 levels left

rFire   . . .        a - +2 trident (pain)
rCold   . . .        (no shield)
rNeg    . . .        (helmet restricted)
rPois   .            (no amulet)
rElec   .            s - ring of see invisible
rCorr   .            (no ring)
SInv    +            (no ring)
Will    .....        (no ring)
Stlth   +++          (no ring)
HPRegen 0.26/turn    (no ring)
MPRegen 0.11/turn    (no ring)
                     (no ring)

%: no passive effects
@: grasped by roots, constricted, lightly drained
A: almost no armour, amphibious, 8 rings, camouflage 1, gelatinous body 1,
(nimble swimmer 1), tentacles
a: Renounce Religion, Unearth Wretches


You were on level 3 of the Dungeon.
You worshipped Kikubaaqudgha.
Kikubaaqudgha was pleased with you.
You visited 1 branch of the dungeon, and saw 3 of its levels.

You collected 198 gold pieces.

Inventory:

Hand Weapons
 a - a +2 trident of pain (weapon)
   (You took it off an orc on level 3 of the Dungeon)
 b - a +0 sling
   (You found it on level 2 of the Dungeon)
 l - a +0 short sword
Missiles
 c - 5 poisoned darts (quivered)
 t - 7 boomerangs
Jewellery
 s - a ring of see invisible (left tentacle)
   (You found it on level 3 of the Dungeon)
Scrolls
 e - 2 scrolls of identify {unknown}
 f - a scroll of summoning {unknown}
 g - a scroll of fog {unknown}
 h - a scroll of amnesia {unknown}
 k - a scroll of vulnerability {unknown}
 m - a scroll of noise {unknown}
Potions
 d - 4 potions of curing {unknown}
 i - a potion of mutation {unknown}
 j - a potion of heal wounds {unknown}


   Skills:
 + Level 3.9 Fighting
 - Level 3.3 Short Blades
 - Level 2.0 Dodging
 - Level 3.0 Stealth
 - Level 2.0 Spellcasting
 - Level 3.0 Conjurations
 * Level 2.0 Necromancy


You had 6 spell levels left.
You knew the following spells:

 Your Spells              Type           Power      Damage    Failure   Level
a - Kiss of Death         Conj/Necr      36%        2d8       8%          1
b - Necrotise             Necr           32%        1d5       9%          1

Your spell library contained the following spells:

 Spells                   Type           Power      Damage    Failure   Level
 Sublimation of Blood     Necr           8%         N/A       14%         2
 Momentum Strike          Conj/Tloc      12%        3d8       17%         2
 Apportation              Tloc           2%         N/A       21%         1
 Cigotuvi's Dreadful Rot  Necr/Pois/Air  6%         N/A       24%         2
 Hailstorm                Conj/Ice       6%         3d4       32%         3
 Vhi's Electric Charge    Tloc/Air       2%         N/A       52%         3
 Animate Dead             Necr           8%         N/A       65%         4
 Arcjolt                  Conj/Air       3%         1d13      97%         5
 Alistair's Intoxication  Tmut/Pois      0%         N/A       99%         5
 Maxwell's Capacitive Co  Air            0%         ∞         100%        8


Dungeon Overview and Level Annotations

Branches:
Dungeon (3/15) Zot: 16139

Altars:
Elyvilon
Kikubaaqudgha

Annotations:
D:3 Ijyb


Innate Abilities, Weirdness & Mutations

You cannot wear most types of armour.
You are amphibious.
You can wear up to eight rings at the same time.
Your skin changes colour to match your surroundings (Stealth+).
Your rubbery body absorbs attacks. (AC +1, EV +1)
((You are camouflaged when in or above water. (Stealth+)))
You have tentacles for arms and can constrict up to eight enemies at once.


Message History

a +0 falchion; a +0 leather armour; an orc corpse Done exploring.
Health restored: 30; MP restored: 7
Things that are here:
a +0 club; a +0 ring mail
There is a stone staircase leading down here.
You climb downwards.
Level annotation: Ijyb The orc hits you with a +0 flail.
The orc closely misses you. The orc priest misses you.
The orc barely misses you. The orc hits you but does no damage.
There is a stone staircase leading up, spattered with blood here.
You take 3 damage, and have 27/30 hp.
You hit the orc priest. You grab the orc priest. You squeeze the orc priest.
The orc priest is severely wounded.
You constrict the orc priest. The orc priest barely misses you.
The orc closely misses you. x2
You hit the orc priest.
You kill the orc priest!
Kikubaaqudgha accepts your kill. The orc hits you with a +0 flail.
The orc barely misses you.
You have reached level 5!
You feel clever.
You take 2 damage, and have 26/36 hp.
MP restored: 8 You hit the orc.
The orc writhes in agony.
You kill the orc!
Kikubaaqudgha accepts your kill. The orc closely misses you.
You hit the orc.
The orc writhes in agony.
You kill the orc!
Kikubaaqudgha accepts your kill.
You see here a +0 falchion of freezing.
An orc is nearby!
There is a stone staircase leading up, spattered with blood here.
You climb upwards.
There is a stone staircase leading down here.
You start resting.
HP restored.
Health restored: 36 You climb downwards.
Level annotation: Ijyb
There is a stone staircase leading up, spattered with blood here.
Things that are here:
a +0 hand axe; an orc corpse
t - 7 boomerangs (gained 3)
You see here a +0 hand axe.
Found 10 gold pieces.
You reach to attack!
You barely miss the orc.
The orc shouts!
The orc hits you from afar with a +0 trident! x2
You take 14 damage, and have 22/36 hp.
MASSIVE DAMAGE!!
You reach to attack!
You hit the orc but do no damage.
The orc writhes in agony.
The orc is moderately wounded.
The orc barely misses you.
You reach to attack!
You hit the orc.
The orc is almost dead.
The orc barely misses you.
You reach to attack!
You hit the orc.
You kill the orc!
Kikubaaqudgha accepts your kill.
No target in view!
No target in view!
No target in view!
HP restored.
You now have 182 gold pieces (gained 10).
You now have 198 gold pieces (gained 16).
m - a scroll labelled ANIROSAC UMOADU Health restored: 36 You open the door.
There is an open door here.
A kobold comes into view. It is wielding a +0 dagger.
The kobold shouts!
You reach to attack!
You hit the kobold.
You kill the kobold!
Kikubaaqudgha accepts your kill.
Your Necromancy skill increases to level 2!
No target in view!
No target in view!
No target in view!
No target in view!
No target in view!
Found a stone staircase leading up.
Found a scroll labelled HEPOENKU LIOP.
Ijyb is nearby!
Throw: 9 darts (poison)
Press: ? - help, Q - select action, (/) - cycle Shift-Dir - straight line, f - Ijyb
Aim: Ijyb, wielding a +0 club, wearing a +0 ring mail and carrying a wand of roots (asleep, 98% to hit)
You throw a poisoned dart. The poisoned dart hits Ijyb.
Ijyb is poisoned.
Ijyb shouts!
Throw: 8 darts (poison)
Press: ? - help, Q - select action, (/) - cycle Shift-Dir - straight line, f/p - Ijyb
Aim: Ijyb, wielding a +0 club, wearing a +0 ring mail and carrying a wand of roots (poisoned, 50% to hit)
You throw a poisoned dart. The poisoned dart closely misses Ijyb.
The poisoned dart hits the ball python.
The ball python is poisoned.
The ball python hisses angrily.
Throw: 7 darts (poison)
Press: ? - help, Q - select action, (/) - cycle Shift-Dir - straight line, f/p - Ijyb
Aim: Ijyb, wielding a +0 club, wearing a +0 ring mail and carrying a wand of roots (poisoned, 50% to hit)
You throw a poisoned dart. The poisoned dart closely misses Ijyb.
The poisoned dart hits the ball python.
The ball python is heavily wounded.
Throw: 6 darts (poison)
Press: ? - help, Q - select action, (/) - cycle Shift-Dir - straight line, f/p - Ijyb
Aim: Ijyb, wielding a +0 club, wearing a +0 ring mail and carrying a wand of roots (lightly wounded, poisoned, 50% to hit)
You throw a poisoned dart. The poisoned dart closely misses Ijyb.
Ijyb zaps a wand.
The roots erupt in riotous growth!
The grasping roots grab you! The grasping roots constrict you.
You hear a bark!
You take 4 damage, and have 32/36 hp.
You escape the roots grasp.
Ijyb zaps a wand.
The roots erupt in riotous growth!
The grasping roots grab you! The grasping roots constrict you.
You hear a bark!
You take 5 damage, and have 27/36 hp.
You escape the roots grasp.
You completely miss Ijyb. You grab Ijyb.
Ijyb is moderately wounded.
You constrict Ijyb, but do no damage.
Ijyb zaps a wand.
The roots erupt in riotous growth!
The grasping roots grab you!
Ijyb is unaffected.
The grasping roots constrict you.
You hear a bark!
You take 3 damage, and have 24/36 hp.
You hit Ijyb. You squeeze Ijyb, but do no damage.
Ijyb is moderately wounded.
You constrict Ijyb, but do no damage.
The ball python looks more healthy.
Ijyb barely misses you. The grasping roots constrict you.
The ball python bites you.
You take 8 damage, and have 16/36 hp.
MASSIVE DAMAGE!!
You hit Ijyb.
Ijyb writhes in agony.
You squeeze Ijyb.
Ijyb is almost dead.
You constrict Ijyb, but do no damage.
Ijyb looks more healthy.
The ball python bites you. Ijyb hits you with a +0 club!
* * * LOW HITPOINT WARNING * * *
The grasping roots constrict you.
* * * LOW HITPOINT WARNING * * *
The ball python bites you.
* * * LOW HITPOINT WARNING * * *
Ijyb barely misses you. The grasping roots constrict you.
You die...
Kikubaaqudgha rasps: "You have failed me!
Welcome... death!"

#.# #.##############
#.#.............
##.#............
#....#########.?
#....'.......#.# ####.
#....#######.#.# ...#.
..
.....#######.#.##S#.#(#
##.#####
................@g.<((#
#.....)<
##.#.#######.#.#..#.#.#
##.##.#. #.#.# #.#+#..#
#. #.##.#. #.#.# #..
.....#.#####....#.
##.#.#
#........#~~..♣♣♣P.~~.
...#.#
#........#~~P.....P≈~.
...#)#
#........#.PP♣♣.♣♣PP.#
##.#.#
#.#+#.....P.♣♣P..♣♣...
...#.# ###♣.♣.....♣.♣.


You could see Ijyb and a ball python.

Vanquished Creatures
  2 orc priests
  2 adders
  2 dart slugs
  8 orcs
  6 ball pythons
  4 endoplasms
  6 goblins
  3 hobgoblins
  7 jackals
  A quokka (D:1)
  3 bats
  4 frilled lizards
  7 kobolds
  6 rats
61 creatures vanquished.

Vanquished Creatures (others)
  A butterfly (D:3)
1 creature vanquished.

Grand Total: 62 creatures vanquished

Notes
Turn   | Place    | Note
-------+----------+-------------------------------------------
     0 | D:1      | mdonais the Octopode Reaver began the quest for the Orb.
     0 | D:1      | Reached XP level 1. HP: 14/14 MP: 3/3
   141 | D:1      | Found a faded altar of an unknown god.
   150 | D:1      | Prayed at the altar of an unknown god.
   150 | D:1      | Became a worshipper of Kikubaaqudgha
   150 | D:1      | Reached * piety under Kikubaaqudgha
   150 | D:1      | Received a gift from Kikubaaqudgha
   228 | D:1      | Reached skill level 1 in Stealth
   307 | D:1      | Reached XP level 2. HP: 19/19 MP: 5/5
   809 | D:2      | Reached XP level 3. HP: 7/25 MP: 6/6
   944 | D:2      | Reached ** piety under Kikubaaqudgha
  1340 | D:3      | Found a white marble altar of Elyvilon.
  1348 | D:3      | Noticed Ijyb
  1407 | D:3      | Reached XP level 4. HP: 31/31 MP: 7/7
  1540 | D:3      | Learned a level 1 spell: Necrotise
  1582 | D:2      | Reached skill level 1 in Necromancy
  1665 | D:3      | Reached XP level 5. HP: 26/36 MP: 8/8
  1862 | D:3      | Constricted to death by Ijyb

Illustrated notes

Levels and vault maps discovered:
D:1:      lordsloth_arrival_two_stooges, layout_basic,
          chequers_ecumenical_altar_simple_redux,
          corexii_item_surrounded_by_moat, hangedman_decor_lopped,
          minmay_misc_feat_more_columns
D:2:      layout_rooms, chequers_serial_rivers_room_b
D:3:      layout_basic, nicolae_elyvilon_peaceful_grove,
          mainiacjoe_overflow_alcove_1, uniq_ijyb

Skill      XL: |  1  2  3  4  5 |
---------------+----------------+-----
Stealth        | 1 2 3 |  3.0
Fighting       | 3 |  3.9
Necromancy     | 1 2 |  2.0
Short Blades   | |  3.3
Dodging        | |  2.0
Spellcasting   | |  2.0
Conjurations   | |  3.0

Action                     |  1- 3 |  4- 6 || total
---------------------------+-------+-------++-------
  Melee: Short sword       |    73 |    29 ||   102
         Tentacles         |    14 |    10 ||    24
         Constrict         |    12 |     7 ||    19
         Trident           |       |    15 ||    15
   Fire: Sling             |    20 |    21 ||    41
  Throw: Dart              |       |     4 ||     4
   Cast: Kiss of Death     |       |     1 ||     1
   Stab: Sleeping          |     6 |       ||     6
         Distracted        |     1 |       ||     1
 Armour: Skin              |     9 |     1 ||    10
  Dodge: Dodged            |    54 |    39 ||    93

Table legend: (Time is in decaauts)
 A = Elapsed time spent in this place.
 B = Non-inter-level travel time spent in this place.
 C = Inter-level travel time spent in this place.
 D = Time resting spent in this place.
 E = Time spent auto-exploring this place.
 F = Levels seen in this place.
 G = Mean time per level.
                   A        B        C        D        E       F      G
               +--------+--------+--------+--------+--------+-----+--------+
         Total |   1859 |   1800 |     59 |     25 |   1380 |   3 |  619.7 |
       Dungeon |   1859 |   1800 |     59 |     25 |   1380 |   3 |  619.7 |
               +--------+--------+--------+--------+--------+-----+--------+

Top non-repeatable levels by time:
     D:1: 788 daAuts
     D:2: 628 daAuts
     D:3: 441 daAuts
